 Dungeon Crawl Stone Soup version 0.24.1-14-gf8d2b509d9 (webtiles) character file.

Game seed: 3840882606074059212, levelgen mode: deterministic

2377 Descartes the Skirmisher (level 9, -1/51 HPs)
             Began as a Vine Stalker Fighter on May 30, 2020.
             Was a Priest of Elyvilon.
             Killed from afar by an orc wizard (5 damage)
             ... with a magic dart
             ... on level 7 of the Dungeon.
             The game lasted 00:13:42 (4827 turns).

Descartes the Skirmisher (Vine Stalker Fighter)     Turns: 4827, Time: 00:13:43

Health: -1/51      AC:  8    Str: 20    XL:     9   Next: 45%
Magic:  0/10       EV:  9    Int: 10    God:    Elyvilon [***...]
Gold:   395        SH: 11    Dex: 14    Spells: 8/8 levels left

rFire    + + .     SeeInvis .   a - +0 long sword
rCold    + . .     Gourm    .   c - +0 shield
rNeg     . . .     Faith    .   F - +2 robe {rC+ rF+}
rPois    .         Spirit   +   w - +0 helmet
rElec    .         Reflect  .   t - +0 cloak {MR+}
rCorr    .         Harm     .   i - +0 pair of gloves
MR       ++...                  (no boots)
Stlth    +.........             (no amulet)
HPRegen  0.57/turn              q - ring of wizardry
MPRegen  0.12/turn              H - ring of protection from fire

@: no status effects
A: fangs 3, regeneration 1, magic shield, antimagic bite, no potion heal 3, rot
immunity
a: Lesser Healing, Heal Other, Purification, Divine Protection, Renounce
Religion


You were on level 7 of the Dungeon.
You worshipped Elyvilon.
Elyvilon was most pleased with you.
You were not hungry.

You visited 1 branch of the dungeon, and saw 7 of its levels.

You collected 395 gold pieces.

Inventory:

Hand Weapons
 a - a +0 long sword (weapon)
 m - a +4 quarterstaff of chaos
 G - a +0 broad axe
Missiles
 l - a stone (quivered)
 y - 36 poisoned darts
 C - 104 arrows
 O - 4 boomerangs
Armour
 c - a +0 shield (worn)
 i - a +0 pair of gloves (worn)
 s - a +0 ring mail of fire resistance
 t - a +0 cloak of magic resistance (worn)
 w - a +0 helmet (worn)
 F - a +2 robe of resistance (worn)
Jewellery
 q - a ring of wizardry (left hand)
 H - a ring of protection from fire (right hand)
Wands
 v - a wand of paralysis (9)
 D - a wand of flame (25)
Scrolls
 g - 3 scrolls of remove curse
 o - 2 scrolls of amnesia {unknown}
 p - a scroll of noise {unknown}
 u - a scroll of immolation {unknown}
 x - a scroll of teleportation {unknown}
 K - 3 scrolls of blinking {unknown}
 M - a scroll of identify
 N - a scroll of magic mapping {unknown}
Potions
 b - 2 potions of flight
 d - 2 potions of might
 e - a potion of agility {unknown}
 h - 2 potions of lignification
 j - 2 potions of ambrosia {unknown}
 n - a potion of magic
 r - a potion of haste
 z - 2 potions of resistance {unknown}
 A - a potion of brilliance
 B - 3 potions of curing
 E - a potion of invisibility {unknown}
 I - a potion of heal wounds {unknown}
 J - a potion of degeneration {unknown}
 L - a potion of berserk rage {unknown}
Comestibles
 f - 9 rations
 k - 6 chunks of flesh


   Skills:
 + Level 7.9 Fighting
 - Level 1.7 Long Blades
 - Level 4.7 Armour
 + Level 7.9 Shields


You had 8 spell levels left.
You didn't know any spells.
Your spell library was empty.

Dungeon Overview and Level Annotations

Branches:
Dungeon (7/15)             Temple (0/1) D:6

Altars:
Elyvilon
Makhleb
Uskayaw
Xom


Innate Abilities, Weirdness & Mutations

You have razor-sharp teeth.
Your natural rate of healing is unusually fast.
When hurt, damage is shared between your health and your magic reserves.
Your bite disrupts and absorbs the magic of your enemies.
Potions cannot restore your health.
You are immune to rotting.


Message History

The orc wizard flickers and vanishes!
Deactivating autopickup; reactivate with Ctrl-A.
The orc warrior hits you with a +0 long sword.
* * * LOW HITPOINT WARNING * * *
You hit the orc warrior but do no damage.
Your bite misses the orc warrior.
The orc warrior is almost dead.
The orc warrior hits you with a +0 long sword!
Elyvilon protects you from harm!
You hit the orc warrior.
You kill the orc warrior!
Something hits you but does no damage.
You barely miss something. You bite something. Something hits you.
* * * LOW HITPOINT WARNING * * *
Something hits you.
* * * LOW HITPOINT WARNING * * *
Unknown command.
A magic dart appears from out of thin air!
The magic dart hits you.
You die...

# ##### #.#.#
#...####$....#
#....(.).....#
#.รท....o.#.#.#
##5#####.#.#.#
####{#####.#.#.##
#....##..... ....#
###.[.@##.##.###.#.#
#.......#.##.###.#.#
##.##.#.......##..#.#
#.....##............###
#..#####.<....#.......#
#.. ##............#.#
#.. ..........#.....#.#
#.# ####......#.##..#.#
#.# ######.#.......#


You could see a crimson imp.

Vanquished Creatures
  Grinder (D:6)
  Eustachio (D:6)
  Sigmund (D:4)
  The ghost of zujk the Changer, an amateur OpTm (D:4)
  Duvessa (D:6)
  A sky beast (D:6)
  An ice beast (D:6)
  An orc warrior (D:7)
  2 centaurs
  An ogre (D:4)
  2 bullfrogs (D:6)
  Blork the orc (D:4)
  Dowan (D:6)
  A scorpion (D:4)
  A crimson imp (D:6)
  4 orc priests
  Crazy Yiuf (D:2)
  A bullfrog skeleton (D:6)
  A hound (D:6)
  3 orc wizards
  A centaur skeleton (D:4)
  3 iguanas (D:4)
  Ijyb (D:4)
  4 worker ants
  2 hound skeletons (D:4)
  A howler monkey zombie (D:6)
  4 gnolls (D:3)
  11 adders
  A howler monkey skeleton (D:6)
  An ooze (D:2)
  An adder zombie (D:6)
  3 worms
  2 dart slugs
  3 leopard geckos
  19 orcs
  4 ball pythons
  4 giant cockroaches
  5 goblins
  8 hobgoblins
  2 jackals (D:1)
  7 kobolds
  5 quokkas
  8 bats
  3 frilled lizards
  A giant cockroach zombie (D:6)
  2 leopard gecko zombies (D:6)
  10 rats
143 creatures vanquished.

Notes
Turn   | Place    | Note
-------+----------+-------------------------------------------
     0 | D:1      | Descartes the Vine Stalker Fighter began the quest for the
                  | Orb.
     0 | D:1      | Reached XP level 1. HP: 11/11 MP: 2/2
    96 | D:1      | Reached XP level 2. HP: 16/16 MP: 3/3
   479 | D:1      | Reached XP level 3. HP: 19/20 MP: 4/4
   862 | D:2      | Found a faded altar of an unknown god.
  1121 | D:2      | Gained mutation: Your natural rate of healing is unusually
                  | fast. [Vine Stalker growth]
  1121 | D:2      | Reached XP level 4. HP: 23/24 MP: 5/5
  1247 | D:2      | Found a runed translucent door.
  1248 | D:2      | Noticed Crazy Yiuf
  1574 | D:2      | Killed Crazy Yiuf
  1574 | D:2      | Reached XP level 5. HP: 28/28 MP: 6/6
  1944 | D:3      | Reached XP level 6. HP: 33/33 MP: 7/7
  2121 | D:3      | Found a white marble altar of Elyvilon.
  2122 | D:3      | Found a hide-covered altar of Uskayaw.
  2157 | D:3      | Became a worshipper of Elyvilon the Healer
  2438 | D:4      | Reached XP level 7. HP: 38/38 MP: 8/8
  2554 | D:4      | Noticed Ijyb
  2564 | D:4      | Killed Ijyb
  2585 | D:4      | Noticed Blork the orc
  2585 | D:4      | Noticed Sigmund
  2595 | D:4      | Killed Sigmund
  2595 | D:4      | Reached skill level 5 in Fighting
  2595 | D:4      | Reached skill level 5 in Shields
  2608 | D:4      | Killed Blork the orc
  2668 | D:4      | Found a runed translucent gate.
  2669 | D:4      | Found a runed translucent gate.
  2670 | D:4      | Found a runed translucent gate.
  2675 | D:4      | Noticed zujk's ghost (amateur OpTm)
  2696 | D:4      | Reached * piety under Elyvilon
  2714 | D:4      | Killed zujk's ghost
  2714 | D:4      | Gained mutation: You have razor-sharp teeth. [Vine Stalker
                  | growth]
  2714 | D:4      | Reached XP level 8. HP: 42/44 MP: 9/9
  3002 | D:5      | Entered Level 5 of the Dungeon
  3716 | D:5      | Reached ** piety under Elyvilon
  3721 | D:5      | Found a shimmering altar of Xom.
  3852 | D:6      | Found a staircase to the Ecumenical Temple.
  3852 | D:6      | Noticed Eustachio
  3867 | D:6      | Killed Eustachio
  3936 | D:6      | Noticed Duvessa
  3936 | D:6      | Noticed Dowan
  3953 | D:6      | Killed Duvessa
  3959 | D:6      | Killed Dowan
  4059 | D:6      | Noticed Grinder
  4083 | D:6      | Killed Grinder
  4083 | D:6      | Reached XP level 9. HP: 32/50 MP: 10/10
  4340 | D:6      | Found a burning altar of Makhleb.
  4623 | D:6      | Reached *** piety under Elyvilon
  4823 | D:7      | Elyvilon protects you from harm!
  4827 | D:7      | Killed from afar by an orc wizard

Levels and vault maps discovered:
D:1:      dpeg_arrival_connections, layout_basic, chequers_hall_statues_corner_a
D:2:      layout_rooms, chequers_ecumenical_altar_simple_redux,
          uniq_crazy_yiuf_cottage
D:3:      layout_rooms, gammafunk_temple_overflow_statue, first_ration,
          kennysheep_generic_room_8
D:4:      layout_basic, gammafunk_ghost_split, uniq_ijyb, uniq_blork_the_orc,
          uniq_sigmund
D:5:      layout_basic, lemuel_doored_altar
D:6:      layout_basic, makhleb_grotto_becter, minmay_temple_entry_waves,
          uniq_eustachio, uniq_duvessa, uniq_grinder
D:7:      layout_loops_cross

Skill      XL: |  1  2  3  4  5  6  7  8 |
---------------+-------------------------+-----
Fighting       | 3 4 5 7 |  7.9
Shields        | 3 4 5 7 |  7.9
Armour         | 3 4 |  4.7
Long Blades    | |  1.7

Action                   |  1- 3 |  4- 6 |  7- 9 || total
-------------------------+-------+-------+-------++-------
Melee: Long sword        |   108 |   194 |   273 ||   575
       Bite              |    34 |    77 |   103 ||   214
  Use: Scroll            |       |       |     7 ||     7
 Stab: Sleeping          |       |       |     1 ||     1
  Eat: Chunk             |     1 |     5 |     8 ||    14
Armor: Scale mail        |    54 |    26 |       ||    80
       Chain mail        |       |    67 |    32 ||    99
       Robe              |       |       |    73 ||    73
Dodge: Dodged            |    37 |    52 |    65 ||   154
Block: Shield            |    68 |   102 |   152 ||   322
       Rpst.: Long sword |    13 |    15 |    25 ||    53
